AoeStats
← Nikke1900

Arabia

507729774Analyzed
1v1 RM · 13d ago on Sep 19, 2026· 35m 57s· 2 players
Game mode
Random Map
Map size
Tiny (2 player)
Population
200
Speed
Normal
Resources
Standard
Victory
Conquest
Starting age
Dark Age
Ending age
Imperial Age
RankedLock teamsTeams togetherTeam positionsShared explorationLock speedFull tech treeHidden civsTurbo modeCheats
Victory
Defeat
🇳🇱 Maya · Netherlands
1378
+14
🇩🇪 Japanese · Germany
1336
-14
Nikke1900
4:46 Loom
10:09 Feudal Age
10:09 Man-at-Arms
10:38 Double-Bit Axe
15:15 Fletching
17:56 Padded Archer Armor
22:06 Castle Age
20:54 Scale Barding Armor
22:40 Bloodlines
24:06 Chain Barding Armor
29:45 Wheelbarrow
28:57 Town Watch
zamazingo
0:26 Loom
9:25 Feudal Age
13:11 Double-Bit Axe
15:17 Fletching
22:41 Castle Age
21:07 Padded Archer Armor
22:14 Gold Mining
22:42 Horse Collar
22:42 Crossbowman
23:22 Bodkin Arrow
27:00 Wheelbarrow
27:27 Leather Archer Armor
30:05 Ballistics
Connection lost

Rejoining the realm…

Still unreachable

The connection could not be restored.

Session expired

The server has moved on; the page needs a fresh start.